 Dungeon Crawl Stone Soup version 0.30-a0-161-gdd60e06945 (webtiles) character file.

Game seed: 8573279435826423478

7977 qw the Cleaver (level 11, -7/68 HPs)
             Began as a Gargoyle Fighter on Sept 27, 2022.
             Was an Elder of Okawaru.
             Mangled by a death yak (18 damage)
             ... on level 2 of the Lair of Beasts.
             The game lasted 00:03:27 (8673 turns).

qw the Cleaver (Gargoyle Fighter)                   Turns: 8673, Time: 00:03:28

Health: -7/68      AC: 25    Str: 23    XL:     11   Next: 23%
Magic:  11/16      EV: 11    Int:  6    God:    Okawaru [****..]
Gold:   414        SH:  6    Dex: 13    Spells: 10/10 levels left

rFire   . . .      SeeInvis .    Y - +2 war axe (freeze)
rCold   . . .      Faith    .    c - +0 buckler
rNeg    + . .      Spirit   .    h - +0 chain mail
rPois   inf        Reflect  .    s - +0 helmet
rElec   +          Harm     .    o - scarf {repulsion}
rCorr   .          Rampage  .    n - +1 pair of gloves
Will    .....                    v - +0 pair of boots
Stlth   ..........               r - amulet of regeneration
HPRegen 1.01/turn                (no ring)
MPRegen 0.15/turn                (no ring)

@: about to teleport, heroic, finesse-ful, marked, repel missiles
A: sickness immunity, AC +8, negative energy resistance 1, electricity
resistance, torment resistance 1, petrification resistance, agile 1, dopey 1,
noise suppression
a: Renounce Religion, Heroism, Finesse


You were on level 2 of the Lair of Beasts.
You worshipped Okawaru.
Okawaru was greatly pleased with you.
You visited 2 branches of the dungeon, and saw 10 of its levels.
You also visited: Sewer and Ossuary.

You collected 734 gold pieces.
You spent 320 gold pieces at shops.


Innate Abilities, Weirdness & Mutations

You are immune to sickness and miasma.
Your stone body is resilient. (AC +8)
You are immune to poison.
You resist negative energy. (rN+)
You are resistant to electric shocks. (rElec)
You are resistant to unholy torment.
You are immune to petrification.
You are agile. (Dex +4, Str/Int -1)
You are dopey. (Int -2)
You passively dampen the noise of your surroundings.


   Skills:
 - Level 8.1(13.1) Fighting
 - Level 11.0(16.0) Axes
 + Level 3.6(8.6) Throwing
 - Level 6.0(11.0) Armour
 - Level 2.2(7.2) Dodging
 - Level 5.5(10.5) Shields
 + Level 7.2 Invocations


You had 10 spell levels left.
You didn't know any spells.
Your spell library was empty.

Inventory:

Hand Weapons
 t - the +4 morningstar "Imoituf" {freeze, rPois}
   (You bought it in a shop on level 6 of the Dungeon)

   It freezes those it strikes, dealing additional cold damage.
   It can also slow down cold-blooded creatures.
   rPois:     It protects you from poison.
 Y - a +2 war axe of freezing (weapon)
Missiles
 j - a silver javelin
 q - 2 boomerangs (quivered)
Armour
 c - a +0 buckler (worn)
 h - a +0 chain mail (worn)
 k - a +1 cloak
 n - a +1 pair of gloves (worn)
 o - a scarf of repulsion (worn)
 p - a +2 robe of resistance
 s - a +0 helmet (worn)
 v - a +0 pair of boots (worn)
Jewellery
 g - a ring of ice
 r - an amulet of regeneration (around neck)
Scrolls
 a - 2 scrolls of identify
 w - a scroll of teleportation
Potions
 b - 3 potions of attraction
 d - 3 potions of might
 e - 6 potions of curing
 f - 3 potions of lignification
 i - 2 potions of resistance
 l - 2 potions of heal wounds
 m - 2 potions of haste

Dungeon Overview and Level Annotations

Branches:
Dungeon (8/15)             Temple (0/1) D:6            Lair (2/5) D:8
  Sewer (visited)         Ossuary (visited)
  Swamp: Lair:2-3    Shoals: Lair:2-3     Snake: Lair:2-3    Spider: Lair:2-3

Altars:
Ashenzari
Cheibriados
Dithmenos
Elyvilon
Fedhas
Gozag
Kikubaaqudgha
Okawaru
Qazlal
Trog
Xom
Yredelemnul

Shops:
D:5 [[(   D:6 (

Annotations:
Lair:2 qw's ghost, journeyman GrFi


Message History

8667 ||| INVOKING Finesse.
You can now deal lightning-fast blows.
You can no longer enter into single combat with a foe.
Okawaru will no longer gift you equipment.
The black mamba bites you but does no damage.
The death yak gores you.
The death yak gores you but does no damage.
The black mamba closely misses you.
You miss the black mamba.
The black mamba is almost dead.
You slash the death yak! You freeze the death yak. You hit the death yak.
You freeze the death yak. You slash the death yak! You freeze the death yak.
The death yak barely misses you. The death yak gores you!
The death yak gores you.
You miss the black mamba.
The black mamba is almost dead.
You hit the death yak. You freeze the death yak. You hit the death yak.
You freeze the death yak. You hit the death yak but do no damage.
The black mamba bites you!
8670 ||| READING 2 scrolls of teleportation.
As you read the scroll of teleportation, it crumbles to dust.
You feel strangely unstable.
The death yak gores you but does no damage.
The death yak gores you! The death yak closely misses you.
8671 ||| DRINKING 3 potions of heal wounds.
You feel much better.
You block the death yak's attack. x2; The death yak gores you.
You closely miss the black mamba.
The black mamba is almost dead.
You slash the death yak! You freeze the death yak. You slash the death yak!
You freeze the death yak. You barely miss the death yak.
You hit the death yak but do no damage. You hit the death yak but do no damage.
The death yak is almost dead.
You hit the death yak but do no damage. You hit the death yak.
You freeze the death yak. You closely miss the black mamba.
You completely miss the death yak.
The black mamba is no longer moving slowly.
The death yak gores you! The death yak gores you!!
You die...

.......#.......#....
.......#................
.....####...............
.....# #.#..............
#...#######.............
##....#####..##.........
....[.#......##.Y.Y.....
......#......##YYYF.....
..........P.....@Y.....^
...............%%S.#####
..............P...##8.?=
..................#Yl../
..................#W#...
..................#F.#..
.............#....^
...P.........#..#.


You could see 7 death yaks, a black mamba, a cane toad, a basilisk, a blink frog
and qw's ghost.

Vanquished Creatures
  5 cane toads
  3 komodo dragons (Lair:1)
  A wraith (D:6)
  A wyvern (D:8)
  A steam dragon (D:7)
  A basilisk (Lair:2)
  9 yaks
  4 water moccasins
  Pargi (Sewer)
  2 sky beasts
  2 ice beasts (D:6)
  2 black bears
  11 wolves
  An ogre (D:6)
  A centaur (D:6)
  3 phantoms
  Blork the orc (D:4)
  A kobold brigand (D:8)
  2 bullfrogs (Lair:2)
  A scorpion (D:6)
  3 water moccasin zombies (Ossuary)
  4 wights (D:7)
  A howler monkey (D:4)
  3 hounds
  4 jellies
  A gnoll bouda (D:8)
  5 orc priests
  4 iguanas
  Jessica (D:2)
  3 orc wizards
  3 mummies
  4 adders
  3 gnolls (D:8)
  A shadow imp (D:5)
  A white imp (D:8)
  3 adder zombies (Ossuary)
  5 worms
  13 dart slugs
  28 orcs
  9 ball pythons
  5 endoplasms
  4 giant cockroaches
  A gnoll zombie (Ossuary)
  5 goblins
  3 hobgoblins
  14 kobolds
  2 quokkas
  2 bats (D:2)
  9 frilled lizards
  8 hobgoblin zombies (Ossuary)
  8 kobold zombies (Ossuary)
  8 orc zombies
  9 rats
230 creatures vanquished.

Vanquished Creatures (others)
  2 plants (Lair:1)
2 creatures vanquished.

Grand Total: 232 creatures vanquished

Notes
Turn   | Place    | Note
-------+----------+-------------------------------------------
     0 | D:1      | qw the Gargoyle Fighter began the quest for the Orb.
     0 | D:1      | Reached XP level 1. HP: 14/14 MP: 1/1
     0 | D:1      | 0 ||| qw: Version: 0.2-a-10-g37ed214
     0 | D:1      | 0 ||| qw: Game counter: 676
     0 | D:1      | 0 ||| qw: Always use a shield: true
     0 | D:1      | 0 ||| qw: God list: Okawaru
     0 | D:1      | 0 ||| qw: Allow faded altars: false
     0 | D:1      | 0 ||| qw: Do Orc after D:15 true
     0 | D:1      | 0 ||| qw: Do second Lair branch before Depths: true
     0 | D:1      | 0 ||| qw: Lair rune preference: random
     0 | D:1      | 0 ||| qw: Plans: Normal, Zot:1-4, God:TSO, Crypt, Tomb,
                  | Pan, Slime:5, Hells, Abyss, Orb
     0 | D:1      | 0 ||| PLANNING D:1-11
    90 | D:1      | Reached skill level 2 in Axes
   249 | D:1      | Reached XP level 2. HP: 19/19 MP: 2/2
   703 | D:1      | 703 ||| READING scroll labelled GEUJAG YTYDGH.
   704 | D:1      | 704 ||| READING 2 scrolls labelled TICIPLAHOH.
   705 | D:1      | 705 ||| READING scroll labelled CEINTILYPH.
   706 | D:1      | 706 ||| READING scroll labelled OCIP DYJ COUZ.
   707 | D:1      | 707 ||| READING scroll labelled ZYMNEZ QEMU.
   708 | D:1      | 708 ||| DRINKING 2 viscous blue potions.
   709 | D:1      | 709 ||| DROPPING scroll of blinking.
   710 | D:1      | 710 ||| DROPPING potion of brilliance.
   809 | D:2      | Found a bloodstained altar of Trog.
  1058 | D:2      | Noticed Jessica
  1065 | D:2      | Killed Jessica
  1066 | D:2      | Reached skill level 3 in Axes
  1066 | D:2      | Reached XP level 3. HP: 22/23 MP: 3/3
  1092 | D:2      | 1092 ||| Stepping ~*~*~tactically~*~*~ (hiding).
  1202 | D:2      | 1202 ||| DROPPING +0 club.
  1275 | D:2      | Found a faded altar of an unknown god.
  1458 | D:2      | Reached skill level 1 in Throwing
  1458 | D:2      | Reached XP level 4. HP: 16/28 MP: 4/4
  2055 | D:2      | 2055 ||| UPGRADING to +1 cloak.
  2060 | D:2      | 2060 ||| READING scroll labelled UZUSANGA KUWNI.
  2061 | D:2      | 2061 ||| READING scroll labelled RULEOT SO TEDY.
  2066 | D:2      | 2066 ||| READING scroll labelled IBROAL KUSKEPS.
  2067 | D:2      | 2067 ||| DRINKING 2 fizzy red potions.
  2718 | D:3      | 2718 ||| Stepping ~*~*~tactically~*~*~ (hiding).
  2918 | D:3      | 2918 ||| UPGRADING to +0 chain mail.
  2928 | D:3      | 2928 ||| DROPPING +0 scale mail.
  2929 | D:3      | 2929 ||| UPGRADING to +0 helmet.
  2934 | D:3      | 2934 ||| UPGRADING to amulet of regeneration.
  2939 | D:3      | 2939 ||| DRINKING 2 murky orange potions.
  2983 | D:3      | 2983 ||| DRINKING 2 inky potions.
  2983 | D:3      | Gained mutation: You are vulnerable to cold. (rC-) [potion
                  | of mutation]
  2984 | D:3      | 2984 ||| DRINKING potion of mutation.
  2984 | D:3      | Lost mutation: You are vulnerable to cold. (rC-) [potion of
                  | mutation]
  2984 | D:3      | Gained mutation: Potions are less effective at restoring
                  | your health. [potion of mutation]
  2985 | D:3      | 2985 ||| READING 2 scrolls of identify.
  2985 | D:3      | 2985 ||| IDENTIFYING ruby potion
  2986 | D:3      | 2986 ||| DROPPING potion of magic.
  3034 | D:4      | 3034 ||| PLANNING SEWER
  3039 | D:4      | Reached skill level 4 in Axes
  3057 | D:4      | 3057 ||| Stepping ~*~*~tactically~*~*~ (water).
  3097 | D:4      | Reached XP level 5. HP: 32/32 MP: 5/5
  3255 | D:4      | Found a glowing drain.
  3256 | D:4      | 3256 ||| READING scroll labelled OWUOL FYRIUSK.
  3257 | D:4      | 3257 ||| DRINKING 2 fuming orange potions.
  3258 | D:4      | 3258 ||| READING 2 scrolls of identify.
  3258 | D:4      | 3258 ||| IDENTIFYING golden potion
  3259 | D:4      | 3259 ||| DROPPING potion of invisibility.
  3263 | D:4      | 3263 ||| FLEEEEING.
  3264 | D:4      | 3264 ||| FLEEEEING.
  3278 | D:4      | 3278 ||| FLEEEEING.
  3279 | D:4      | 3279 ||| FLEEEEING.
  3292 | D:4      | 3292 ||| FLEEEEING.
  3293 | D:4      | 3293 ||| FLEEEEING.
  3294 | D:4      | 3294 ||| FLEEEEING.
  3295 | D:4      | 3295 ||| FLEEEEING.
  3313 | D:4      | 3313 ||| FLEEEEING.
  3328 | D:4      | 3328 ||| FLEEEEING.
  3329 | D:4      | 3329 ||| FLEEEEING.
  3330 | D:4      | 3330 ||| FLEEEEING.
  3331 | D:4      | 3331 ||| FLEEEEING.
  3332 | D:4      | 3332 ||| Stepping ~*~*~tactically~*~*~ (hiding).
  3374 | Sewer    | Entered a sewer
  3399 | Sewer    | Noticed Pargi
  3413 | Sewer    | Killed Pargi
  3414 | Sewer    | Reached skill level 5 in Axes
  3414 | Sewer    | Reached XP level 6. HP: 22/37 MP: 6/6
  3441 | Sewer    | 3441 ||| Stepping ~*~*~tactically~*~*~ (water).
  3460 | Sewer    | 3460 ||| READING scroll of enchant weapon.
  3460 | Sewer    | 3460 ||| ENCHANTING +1 war axe of freezing.
  3464 | Sewer    | 3464 ||| DRINKING potion of mutation.
  3464 | Sewer    | Lost mutation: Potions are less effective at restoring your
                  | health. [potion of mutation]
  3464 | Sewer    | Gained mutation: You are dopey. (Int -2) [potion of
                  | mutation]
  3464 | Sewer    | Gained mutation: You passively dampen the noise of your
                  | surroundings. [potion of mutation]
  3464 | Sewer    | Gained mutation: You are agile. (Dex +4, Str/Int -1)
                  | [potion of mutation]
  3497 | Sewer    | 3497 ||| Stepping ~*~*~tactically~*~*~ (water).
  3529 | Sewer    | 3529 ||| READING scroll labelled RUPNEGITERGH.
  3541 | D:4      | 3541 ||| PLANNING D:1-11
  3564 | D:4      | Found a basalt altar of Yredelemnul.
  3630 | D:4      | Reached skill level 1 in Dodging
  3633 | D:4      | 3633 ||| Stepping ~*~*~tactically~*~*~ (stealth).
  3641 | D:4      | Noticed Blork the orc
  3642 | D:4      | 3642 ||| Stepping ~*~*~tactically~*~*~ (hiding).
  3645 | D:4      | HP: 8/37 [Blork the orc/+4 battleaxe of flaming (3)]
  3646 | D:4      | 3646 ||| READING scroll of teleportation.
  3648 | D:4      | HP: 3/37 [Blork the orc/+4 battleaxe of flaming (6)]
  3648 | D:4      | HP: 1/37 [Blork the orc/+4 battleaxe of flaming (2)]
  3663 | D:4      | 3663 ||| Stepping ~*~*~tactically~*~*~ (stealth).
  3695 | D:4      | 3695 ||| Stepping ~*~*~tactically~*~*~ (hiding).
  3697 | D:4      | 3697 ||| Stepping ~*~*~tactically~*~*~ (hiding).
  3698 | D:4      | 3698 ||| Stepping ~*~*~tactically~*~*~ (hiding).
  3703 | D:4      | Killed Blork the orc
  4210 | D:4      | Found a shimmering altar of Xom.
  4230 | D:5      | Entered Level 5 of the Dungeon
  4373 | D:5      | 4373 ||| Stepping ~*~*~tactically~*~*~ (stealth).
  4376 | D:5      | 4376 ||| Stepping ~*~*~tactically~*~*~ (hiding).
  4378 | D:5      | 4378 ||| Stepping ~*~*~tactically~*~*~ (hiding).
  4382 | D:5      | 4382 ||| Stepping ~*~*~tactically~*~*~ (hiding).
  4388 | D:5      | Reached XP level 7. HP: 43/43 MP: 7/7
  4490 | D:5      | 4490 ||| DROPPING +0 whip.
  4525 | D:5      | Found Roissuij's Armour Shoppe.
  4533 | D:5      | 4533 ||| SHOPLISTING +3 scale mail of fire resistance (312
                  | gold, have 205).
  4533 | D:5      | 4533 ||| SHOPLISTING +4 plate armour of cold resistance
                  | (600 gold, have 205).
  4589 | D:5      | Found Kywacoh's Antique Weapon Emporium.
  4606 | D:5      | 4606 ||| Stepping ~*~*~tactically~*~*~ (stealth).
  4613 | D:5      | Reached skill level 6 in Axes
  4642 | D:5      | Found an iron altar of Okawaru.
  4643 | D:5      | 4643 ||| PLANNING OKAWARU WORSHIP
  4655 | D:5      | Became a worshipper of Warmaster Okawaru
  4656 | D:5      | 4656 ||| PLANNING D:1-11
  4667 | D:5      | 4667 ||| Stepping ~*~*~tactically~*~*~ (hiding).
  4668 | D:5      | 4668 ||| Stepping ~*~*~tactically~*~*~ (hiding).
  4669 | D:5      | 4669 ||| Stepping ~*~*~tactically~*~*~ (hiding).
  4670 | D:5      | 4670 ||| Stepping ~*~*~tactically~*~*~ (hiding).
  4712 | D:5      | 4712 ||| Stepping ~*~*~tactically~*~*~ (hiding).
  4713 | D:5      | 4713 ||| Stepping ~*~*~tactically~*~*~ (hiding).
  4715 | D:5      | 4715 ||| Stepping ~*~*~tactically~*~*~ (hiding).
  4748 | D:5      | Found Watach's Armour Boutique.
  4759 | D:5      | 4759 ||| SHOPLISTING +0 chain mail "Faucreil" {rN+ Int+7}
                  | (395 gold, have 250).
  4759 | D:5      | 4759 ||| SHOPLISTING +0 plate armour (299 gold, have 250).
  4759 | D:5      | 4759 ||| BUYING +1 pair of gloves (149 gold).
  4759 | D:5      | Bought a +1 pair of gloves for 149 gold pieces
  4832 | D:5      | Found a snail-covered altar of Cheibriados.
  4850 | D:5      | 4850 ||| Stepping ~*~*~tactically~*~*~ (water).
  4943 | D:5      | 4943 ||| Stepping ~*~*~tactically~*~*~ (hiding).
  4946 | D:5      | 4946 ||| Stepping ~*~*~tactically~*~*~ (hiding).
  4953 | D:5      | 4953 ||| DRINKING 2 potions of curing.
  4953 | D:5      | 4953 ||| (to cure confusion)
  4965 | D:5      | 4965 ||| FLEEEEING.
  4969 | D:5      | 4969 ||| FLEEEEING.
  4970 | D:5      | 4970 ||| FLEEEEING.
  4971 | D:5      | 4971 ||| FLEEEEING.
  4972 | D:5      | 4972 ||| FLEEEEING.
  4973 | D:5      | 4973 ||| FLEEEEING.
  4976 | D:5      | 4976 ||| FLEEEEING.
  4984 | D:5      | Reached skill level 7 in Axes
  5065 | D:5      | 5065 ||| UPGRADING to +1 pair of gloves.
  5070 | D:5      | 5070 ||| DRINKING 2 murky blue potions.
  5171 | D:5      | 5171 ||| READING 4 scrolls of identify.
  5171 | D:5      | 5171 ||| IDENTIFYING orange potion
  5172 | D:5      | 5172 ||| READING 3 scrolls of identify.
  5172 | D:5      | 5172 ||| IDENTIFYING red potion
  5173 | D:5      | 5173 ||| READING 2 scrolls of identify.
  5173 | D:5      | 5173 ||| IDENTIFYING clear potion
  5174 | D:5      | 5174 ||| DROPPING potion of ambrosia.
  5175 | D:5      | 5175 ||| DROPPING potion of degeneration.
  5198 | D:6      | 5198 ||| PLANNING OSSUARY
  5229 | D:6      | Noticed a wraith
  5234 | D:6      | 5234 ||| Stepping ~*~*~tactically~*~*~ (stealth).
  5245 | D:6      | Killed a wraith
  5246 | D:6      | Reached XP level 8. HP: 43/49 MP: 8/8
  5256 | D:6      | 5256 ||| Stepping ~*~*~tactically~*~*~ (stealth).
  5257 | D:6      | 5257 ||| Stepping ~*~*~tactically~*~*~ (stealth).
  5264 | D:6      | Reached * piety under Okawaru
  5265 | D:6      | 5265 ||| INVOKING Heroism.
  5275 | D:6      | Reached skill level 1 in Invocations
  5278 | D:6      | 5278 ||| Stepping ~*~*~tactically~*~*~ (stealth).
  5281 | D:6      | 5281 ||| Stepping ~*~*~tactically~*~*~ (stealth).
  5340 | D:6      | Found a staircase to the Ecumenical Temple.
  5341 | D:6      | 5341 ||| Stepping ~*~*~tactically~*~*~ (stealth).
  5342 | D:6      | 5342 ||| INVOKING Heroism.
  5394 | D:6      | Found a stormy altar of Qazlal.
  5399 | D:6      | Reached skill level 3 in Invocations
  5482 | D:6      | Found Eganoac's Antique Weapon Shop.
  5509 | D:6      | 5509 ||| BUYING ancient morningstar (171 gold).
  5509 | D:6      | Bought an ancient morningstar for 171 gold pieces
  5509 | D:6      | Identified the +4 morningstar "Imoituf" {freeze, rPois}
                  | (You bought it in a shop on level 6 of the Dungeon)
  5509 | D:6      | 5509 ||| DROPPING +0 flail.
  5633 | D:6      | 5633 ||| INVOKING Heroism.
  5683 | D:6      | Found a sand-covered staircase.
  5684 | D:6      | 5684 ||| FLEEEEING.
  5685 | D:6      | 5685 ||| FLEEEEING.
  5686 | D:6      | 5686 ||| FLEEEEING.
  5687 | D:6      | 5687 ||| FLEEEEING.
  5691 | D:6      | 5691 ||| FLEEEEING.
  5692 | D:6      | 5692 ||| FLEEEEING.
  5693 | D:6      | 5693 ||| FLEEEEING.
  5694 | D:6      | 5694 ||| FLEEEEING.
  5695 | D:6      | 5695 ||| FLEEEEING.
  5696 | D:6      | 5696 ||| FLEEEEING.
  5697 | D:6      | 5697 ||| STAIRDANCE
  5699 | D:5      | 5699 ||| UPGRADING to scarf of repulsion.
  5709 | D:5      | 5709 ||| UPGRADING to +0 pair of boots.
  5714 | D:5      | 5714 ||| READING scroll labelled CAOJUT JAADA.
  5717 | D:6      | 5717 ||| STAIRDANCE
  5723 | D:6      | Reached skill level 8 in Axes
  5723 | D:6      | 5723 ||| STAIRDANCE
  5743 | Ossuary  | Entered an ossuary
  5761 | Ossuary  | 5761 ||| INVOKING Heroism.
  5814 | Ossuary  | 5814 ||| INVOKING Heroism.
  5839 | Ossuary  | 5839 ||| INVOKING Heroism.
  5868 | Ossuary  | 5868 ||| INVOKING Heroism.
  5874 | Ossuary  | Reached skill level 6 in Fighting
  5874 | Ossuary  | Reached XP level 9. HP: 55/55 MP: 9/12
  5889 | Ossuary  | 5889 ||| INVOKING Heroism.
  5950 | Ossuary  | 5950 ||| READING scroll labelled ILARUNK SOCHETS.
  5951 | Ossuary  | 5951 ||| READING 2 scrolls of identify.
  5951 | Ossuary  | 5951 ||| IDENTIFYING sedimented brown potion
  5952 | Ossuary  | 5952 ||| DROPPING potion of berserk rage.
  5958 | D:6      | 5958 ||| PLANNING D:1-11
  6119 | D:7      | Found a flagged portal.
  6169 | D:7      | Found a broken altar of Ashenzari.
  6179 | D:7      | 6179 ||| INVOKING Heroism.
  6234 | D:7      | Reached ** piety under Okawaru
  6235 | D:7      | Reached skill level 9 in Axes
  6262 | D:7      | 6262 ||| Stepping ~*~*~tactically~*~*~ (stealth).
  6298 | D:7      | Reached *** piety under Okawaru
  6310 | D:7      | 6310 ||| INVOKING Heroism.
  6331 | D:7      | 6331 ||| INVOKING Heroism.
  6392 | D:7      | Found a white marble altar of Elyvilon.
  6412 | D:7      | 6412 ||| Stepping ~*~*~tactically~*~*~ (water).
  6420 | D:7      | Reached XP level 10. HP: 63/63 MP: 13/13
  6475 | D:7      | 6475 ||| INVOKING Heroism.
  6494 | D:7      | 6494 ||| Stepping ~*~*~tactically~*~*~ (stealth).
  6525 | D:7      | Reached skill level 10 in Axes
  6777 | D:7      | Found a shadowy altar of Dithmenos.
  6777 | D:7      | Found a blossoming altar of Fedhas.
  6906 | D:7      | 6906 ||| DROPPING amulet of guardian spirit.
  6907 | D:7      | 6907 ||| DROPPING amulet of magic regeneration.
  6908 | D:7      | 6908 ||| READING scroll labelled GIONO WUXKUY.
  6909 | D:7      | 6909 ||| READING scroll labelled GUKHUN VEBBUHY.
  6910 | D:7      | 6910 ||| DRINKING 2 brown potions.
  6911 | D:7      | 6911 ||| DRINKING 3 viscous puce potions.
  6912 | D:7      | 6912 ||| DROPPING potion of flight.
  6963 | D:8      | 6963 ||| STAIRDANCE
  7008 | D:8      | 7008 ||| INVOKING Heroism.
  7025 | D:8      | Found a staircase to the Lair.
  7038 | D:8      | 7038 ||| INVOKING Heroism.
  7156 | D:8      | 7156 ||| INVOKING Heroism.
  7229 | D:8      | 7229 ||| INVOKING Heroism.
  7334 | D:8      | Found an ancient bone altar of Kikubaaqudgha.
  7386 | D:8      | Reached skill level 6 in Armour
  7390 | D:8      | Found an opulent altar of Gozag.
  7633 | D:8      | 7633 ||| INVOKING Heroism.
  7722 | D:8      | 7722 ||| PLANNING LAIR
  7722 | D:8      | 7722 ||| READING scroll labelled HOOCRA VUIGA.
  7761 | Lair:1   | Entered Level 1 of the Lair of Beasts
  7762 | Lair:1   | 7762 ||| INVOKING Heroism.
  7789 | Lair:1   | Noticed a cane toad
  7790 | Lair:1   | 7790 ||| Stepping ~*~*~tactically~*~*~ (stealth).
  7813 | Lair:1   | 7813 ||| INVOKING Heroism.
  7861 | Lair:1   | 7861 ||| Stepping ~*~*~tactically~*~*~ (stealth).
  7906 | Lair:1   | Noticed a cane toad
  7907 | Lair:1   | 7907 ||| INVOKING Heroism.
  7914 | Lair:1   | Killed a cane toad
  7914 | Lair:1   | Reached **** piety under Okawaru
  7954 | Lair:1   | 7954 ||| Stepping ~*~*~tactically~*~*~ (stealth).
  7955 | Lair:1   | 7955 ||| Stepping ~*~*~tactically~*~*~ (stealth).
  7980 | Lair:1   | Found a shimmering altar of Xom.
  8004 | Lair:1   | Noticed a cane toad
  8005 | Lair:1   | 8005 ||| INVOKING Heroism.
  8015 | Lair:1   | Killed a cane toad
  8015 | Lair:1   | Received a gift from Okawaru
  8243 | Lair:1   | 8243 ||| INVOKING Heroism.
  8254 | Lair:1   | Killed a cane toad
  8461 | Lair:1   | 8461 ||| INVOKING Heroism.
  8464 | Lair:1   | Reached skill level 6 in Invocations
  8464 | Lair:1   | Reached XP level 11. HP: 68/68 MP: 12/15
  8631 | Lair:2   | Noticed a death yak
  8631 | Lair:2   | Noticed qw's ghost (journeyman GrFi)
  8636 | Lair:2   | 8636 ||| INVOKING Heroism.
  8646 | Lair:2   | Noticed a death yak
  8651 | Lair:2   | Reached skill level 3 in Throwing
  8653 | Lair:2   | Noticed a death yak
  8655 | Lair:2   | Noticed a death yak
  8657 | Lair:2   | Reached skill level 11 in Axes
  8658 | Lair:2   | Noticed a death yak
  8660 | Lair:2   | Noticed a death yak
  8663 | Lair:2   | Noticed a death yak
  8666 | Lair:2   | Reached ***** piety under Okawaru
  8667 | Lair:2   | 8667 ||| INVOKING Finesse.
  8669 | Lair:2   | HP: 13/68 [black mamba (11)]
  8670 | Lair:2   | 8670 ||| READING 2 scrolls of teleportation.
  8670 | Lair:2   | HP: 6/68 [death yak (8)]
  8671 | Lair:2   | 8671 ||| DRINKING 3 potions of heal wounds.
  8673 | Lair:2   | Mangled by a death yak

Levels and vault maps discovered:
D:1:      dpeg_arrival_short_road, layout_basic
D:2:      layout_basic, ebering_ecumenical_altar_sacrificial, basic_altar,
          kennysheep_generic_room_9, uniq_jessica
D:3:      layout_loops_ring, nrook_loot_triangle, kennysheep_boxes
D:4:      kennysheep_slugbush, layout_loops_ring, general_overflow_altar,
          kennysheep_mini_moat, cheibrodos_sewer_entry_bend, uniq_blork_the_orc
D:5:      layout_gridville, kennysheep_slug_shrine, okawaru_metal_pillars_3,
          serial_shops, nicolae_stop_n_shop_2, shop, nicolae_shop_hallway_plus
D:6:      layout_basic, mainiacjoe_overflow_24_doors,
          minmay_temple_entry_large_hall, serial_shops, shop_coins,
          nicolae_ossuary_entry_giza
D:7:      minmay_evil_eye, layout_basic, lemuel_tele_altar,
          gammafunk_temple_overflow_statue, elyvilon_altar_3, enter_bailey_2,
          skrybe_limestone_x
D:8:      layout_basic, nicolae_gozag_seed_capital, kennysheep_mini,
          lair_entry_dummy
Lair:1:   layout_regular_city, basic_altar
Lair:2:   layout_gridlike, gammafunk_ghost_arena, dreamdust_deal_with_the_devil,
          lemuel_fruit_fields, grunt_megastairs_4, infiniplex_staircase_pool_2

Skill      XL: |  1  2  3  4  5  6  7  8  9 10 11 |
---------------+----------------------------------+-----
Axes           | 2 3 4 5 7 8 9 10 11 | 11.0
Throwing       | 1 2 3 |  3.6
Dodging        | 1 2 |  2.2
Fighting       | 4 5 6 7 8 |  8.1
Armour         | 4 5 6 |  6.0
Invocations    | 4 6 7 |  7.2
Shields        | 4 5 |  5.5

Action                   |  1- 3 |  4- 6 |  7- 9 | 10-12 || total
-------------------------+-------+-------+-------+-------++-------
Melee: War axe           |    36 |   124 |   296 |   175 ||   631
Throw: Javelin           |    33 |    30 |    23 |     8 ||    94
       Boomerang         |       |       |     7 |    23 ||    30
Invok: Heroism           |       |       |    11 |    13 ||    24
       Finesse           |       |       |       |     1 ||     1
  Use: Scroll            |     5 |     9 |     6 |     4 ||    24
       Potion            |     1 |     6 |     2 |     3 ||    12
Armor: Scale mail        |     9 |     8 |       |       ||    17
       Chain mail        |       |    90 |   122 |    87 ||   299
Dodge: Dodged            |    11 |    39 |    78 |    66 ||   194
Block: Buckler           |     5 |    21 |    48 |    51 ||   125

Table legend:
 A = Non-vault XP
 B = Vault XP
 C = Vault XP percentage of total XP
 D = Non-vault monster count
 E = Vault monster count
 F = Vault count percentage of total count
                 A         B        C        D         E       F
            +---------+---------+-------+---------+---------+-------
      Total |   10284 |    1112 |   9.8 |     166 |      64 |  27.8
            +---------+---------+-------+---------+---------+-------
        D:1 |      15 |       0 |   0.0 |      10 |       0 |   0.0
        D:2 |      33 |      38 |  53.5 |      16 |       2 |  11.1
        D:3 |      31 |       0 |   0.0 |      17 |       0 |   0.0
        D:4 |     127 |     147 |  53.6 |      11 |      12 |  52.2
        D:5 |     462 |       4 |   0.9 |      21 |       1 |   4.5
        D:6 |    1228 |      20 |   1.6 |      25 |       3 |  10.7
        D:7 |    2098 |     455 |  17.8 |      20 |       6 |  23.1
        D:8 |     487 |       0 |   0.0 |      18 |       0 |   0.0
     Lair:1 |    3908 |       0 |   0.0 |      17 |       0 |   0.0
     Lair:2 |    1895 |       0 |   0.0 |      11 |       0 |   0.0
      Sewer |       0 |     145 | 100.0 |       0 |       9 | 100.0
    Ossuary |       0 |     303 | 100.0 |       0 |      31 | 100.0
            +---------+---------+-------+---------+---------+-------
